 Dungeon Crawl Stone Soup version 0.22.0-2-ge58baed0e8 (webtiles) character file.

219 IcyTea the Chopper (level 5, -1/45 HPs)
             Began as a Hill Orc Fighter on Aug 13, 2018.
             Slain by an ogre
             ... wielding a +0 giant club
              (14 damage)
             ... on level 4 of the Dungeon.
             The game lasted 00:05:41 (2723 turns).

IcyTea the Chopper (Hill Orc Fighter)               Turns: 2723, Time: 00:05:41

Health: -1/45      AC: 12    Str: 25    XL:     5   Next: 96%
Magic:  5/5        EV:  5    Int:  8    God:
Gold:   196        SH:  9    Dex: 10    Spells: 4/4 levels left

rFire    . . .     SeeInvis .   a - +0 war axe
rCold    . . .     Gourm    .   c - +0 shield
rNeg     . . .     Faith    .   o - +0 chain mail
rPois    .         Spirit   .   (no helmet)
rElec    .         Reflect  .   (no cloak)
rCorr    .         Harm     .   (no gloves)
MR       .....                  (no boots)
Stlth    ..........             (no amulet)
HPRegen  0.15/turn              t - +3 ring of protection
MPRegen  0.09/turn              (no ring)

@: mighty
A: no striking features
a: no special abilities


You were on level 4 of the Dungeon.
You were not hungry.

You visited 1 branch of the dungeon, and saw 4 of its levels.

You collected 196 gold pieces.

Inventory:

Hand Weapons
 a - a +0 war axe (weapon)
Missiles
 b - 8 tomahawks (quivered)
Armour
 c - a +0 shield (worn)
 o - a +0 chain mail (worn)
Jewellery
 t - a +3 ring of protection (left hand)
Scrolls
 e - 6 scrolls of identify
 g - a scroll of fear
 i - a scroll of fog
 l - a scroll of noise {unknown}
 m - 2 scrolls of remove curse
 p - a scroll of teleportation
 q - a scroll of amnesia {unknown}
 s - a scroll of magic mapping
 u - a scroll of enchant armour {unknown}
Potions
 d - 2 potions of might
 h - a potion of brilliance {unknown}
 j - a potion of flight {unknown}
 k - a potion of degeneration {unknown}
 n - a potion of ambrosia {unknown}
 v - 2 potions of heal wounds {unknown}
Comestibles
 f - 4 rations


   Skills:
 - Level 3.6 Fighting
 + Level 7.9 Axes
 - Level 3.2 Armour
 - Level 3.2 Shields


You had 4 spell levels left.
You didn't know any spells.
Your spell library was empty.

Dungeon Overview and Level Annotations

Branches:
Dungeon (4/15)
 Temple: D:4-7

Altars:
Okawaru
Sif Muna
Yredelemnul
The Shining One


Message History

The hound stops to sniff the ground.
The hound bites you but does no damage.
The leopard gecko completely misses you.
You hit the leopard gecko.
The leopard gecko is almost dead.
You slash the hound! You hit the jackal skeleton.
You destroy the jackal skeleton!
You block the hound's attack.
The leopard gecko bites you but does no damage.
Unknown command.
You barely miss the leopard gecko.
The leopard gecko is severely wounded.
You barely miss the hound. You hit the ogre.
The hound bites you but does no damage. The ogre closely misses you.
The leopard gecko bites you but does no damage.
The hound bites you but does no damage.
The leopard gecko bites you but does no damage.
You feel very mighty all of a sudden. You block the hound's attack.
The ogre hits you with a giant club!
You die...

*****,,,,**,,,,.* *,,,,,,,,**,,
,,,,,,*****,,,..*****,*********,,
,#########*....,*..,,,* *,,
,.......%###.#**..#**** *,,
*#...........###.#* *,,
*....(....#..#...* *,,
*.......(.#..#.##* *,,
*.......(.##...h########*** *,,
*.........##ZosO@l......,,** *,,
*.............##########*,,****,,
*.............#***** **,,,,,*,
*.........#.#.....,** *****,,,
*.......Z.#.######,,* *,,,,
*.........#.# **,*********,**,
*...........# *,,,,,,,,,,,**,
**.........## ****,,*********
**..Z...##* *,,,* *


You could see an ogre, a hound, an orc, a leopard gecko, a giant cockroach and a
quokka skeleton.

Vanquished Creatures
  Terence (D:2)
  Robin (D:2)
  A gnoll (D:1)
  6 adders
  An ooze (D:1)
  3 worms (D:3)
  3 dart slugs
  5 leopard geckos
  5 orcs
  8 bats
  4 giant cockroaches
  12 goblins
  12 hobgoblins
  6 jackals
  3 quokkas
  12 frilled lizards
  A jackal skeleton (D:4)
  6 kobolds
  2 rats
92 creatures vanquished.

Notes
Turn   | Place    | Note
-------+----------+-------------------------------------------
     0 | D:1      | IcyTea the Hill Orc Fighter began the quest for the Orb.
     0 | D:1      | Reached XP level 1. HP: 19/19 MP: 1/1
    22 | D:1      | Reached skill level 3 in Axes
   148 | D:1      | Reached XP level 2. HP: 20/26 MP: 2/2
   209 | D:1      | Reached skill level 4 in Axes
   242 | D:1      | Reached XP level 3. HP: 31/31 MP: 3/3
   382 | D:1      | Reached skill level 5 in Axes
   915 | D:2      | Reached XP level 4. HP: 32/39 MP: 4/4
   958 | D:2      | Noticed Terence
   966 | D:2      | Killed Terence
   966 | D:2      | Reached skill level 6 in Axes
  1144 | D:2      | Noticed Robin
  1146 | D:2      | Reached XP level 5. HP: 30/45 MP: 5/5
  1157 | D:2      | Killed Robin
  1284 | D:2      | Found a basalt altar of Yredelemnul.
  1302 | D:2      | Reached skill level 7 in Axes
  1434 | D:2      | Found a deep blue altar of Sif Muna.
  1567 | D:2      | Found a glowing golden altar of the Shining One.
  1568 | D:2      | Found an iron altar of Okawaru.
  2705 | D:4      | Noticed an ogre
  2723 | D:4      | Slain by an ogre

Skill      XL: |  1  2  3  4  5 |
---------------+----------------+-----
Axes           | 3 4 5 6 7 |  7.9
Fighting       | |  3.6
Armour         | |  3.2
Shields        | |  3.2

Action                   |  1- 3 |  4- 6 || total
-------------------------+-------+-------++-------
Melee: War axe           |   101 |   188 ||   289
  Use: Scroll            |       |     5 ||     5
       Potion            |       |     1 ||     1
  Eat: Chunk             |       |     6 ||     6
Armor: Scale mail        |    44 |    58 ||   102
       Chain mail        |       |    59 ||    59
Dodge: Dodged            |    36 |    54 ||    90
Block: Shield            |    65 |    99 ||   164
